 Dungeon Crawl Stone Soup version 0.31.0-12-g77e489cdc1 (webtiles) character file.

Game seed: 12095638956519994061

48 Gadfly the Ruffian (level 3, -1/24 HPs)
             Began as an Octopode Shapeshifter on Feb 23, 2024.
             Killed by divine providence
             ... invoked by an orc priest
              (15 damage)
             ... on level 3 of the Dungeon.
             The game lasted 00:01:50 (2040 turns).

Gadfly the Ruffian (Octopode Shapeshifter)          Turns: 2040, Time: 00:01:51

Health: -1/24      AC:  1    Str: 15    XL:     3   Next: 72%
Magic:  3/3        EV: 13    Int: 12    God:
Gold:   106        SH:  0    Dex: 11    Spells: 2/2 levels left

rFire   . .          .
                       - Unarmed
rCold   . . .        (no shield)
rNeg    . . .        (helmet currently unavailable)
rPois   .            (no amulet)
rElec   .            (no ring)
rCorr   .            (no ring)
SInv    .            (no ring)
Will    .....        (no ring)
Stlth   ++           (no ring)
HPRegen 0.24/turn    (no ring)
MPRegen 0.08/turn    (no ring)
                     (no ring)

%: no passive effects
@: beast-form
A: beast (slay +1), almost no armour, amphibious, 8 rings, camouflage 1,
gelatinous body 1, (nimble swimmer 1), tentacles
a: Begin Untransformation


You were on level 3 of the Dungeon.
You were a hulking beast.
You visited 1 branch of the dungeon, and saw 3 of its levels.

You collected 106 gold pieces.

Inventory:

Hand Weapons
 b - a +2 rapier of freezing
Talismans
 c - a flux talisman
 f - a beast talisman
 h - a beast talisman
 i - a beast talisman
Wands
 j - a wand of paralysis (12) (quivered)
Scrolls
 d - a scroll of teleportation
 g - a scroll of poison {unknown}
 k - a scroll of amnesia {unknown}
Potions
 a - a potion of lignification
 e - 2 potions of ambrosia {unknown}


   Skills:
 + Level 1.6 Fighting
 + Level 2.4 Dodging
 + Level 1.0 Shields
 + Level 3.3 Unarmed Combat
 + Level 1.0 Evocations
 + Level 3.2 Shapeshifting


You had 2 spell levels left.
You didn't know any spells.
Your spell library was empty.

Dungeon Overview and Level Annotations

Branches:
Dungeon (3/15)

Altars:


Innate Abilities, Weirdness & Mutations

You are a hulking beast.
Your limbs bulge with bestial killing power. (Slay +1)
You cannot wear most types of armour.
You are amphibious.
You can wear up to eight rings at the same time.
Your skin changes colour to match your surroundings (Stealth+).
Your rubbery body absorbs attacks. (AC +1, EV +1)
((You are camouflaged when in or above water. (Stealth+)))
You have tentacles for arms and can constrict up to eight enemies at once.


Message History

Found a stone staircase leading down.
j - a wand of paralysis (12)
You now have 106 gold pieces (gained 15).
You see here a +0 scale mail.
k - a scroll labelled HAOMETHR KYMI No target in view!
No target in view!
No target in view!
No target in view!
No other quiver actions available for cycling.
Found 6 stones.
An orc comes into view. It is wielding a +0 mace.
An orc is nearby!
An orc is nearby!
An orc comes into view. It is wielding a +0 flail.
The orc shouts!
An orc priest comes into view. It is wielding a +0 flail.
An orc wizard comes into view. It is wielding a +0 dagger.
The orc shouts!
The orc priest shouts!
The orc wizard shouts!
The orc barely misses you.
You barely miss the orc. You grab the orc. You constrict the orc.
You lose your grip on the orc.
The orc wizard casts a spell.
The orc wizard flickers and vanishes!
Deactivating autopickup; reactivate with Ctrl-A.
You tentacle-slap the orc. Your grab misses the orc.
Your squeeze misses the orc.
The orc is severely wounded.
You bludgeon the orc!
You kill the orc!
You tentacle-slap the orc priest. Your grab misses the orc priest.
The orc priest is heavily wounded.
The orc priest hits you with a +0 flail!
You tentacle-slap the orc priest. You grab the orc priest.
The orc priest is almost dead.
You constrict the orc priest.
The orc priest calls down the wrath of Beogh upon you.
Beogh smites you!
Ouch! That really hurt!
You die...

#.#####.##...#..
##
#.............#
#.#
##.###.##...##.
#.# ##.##
#.###[##
####.###.#####.#
#.#
#.....#........#
#.#
####.##.######
#+# #.....#(#
#.##h.#.# #
#{o...# #o#...#
#. ..... ..
...### ... ...#
.#. ##.# #.#. .#


You could see an orc priest and an orc.

Vanquished Creatures
  Robin (D:2)
  An orc (D:3)
  3 ball pythons (D:1)
  2 endoplasms
  10 goblins
  3 hobgoblins
  3 kobolds
  A quokka (D:1)
  A bat (D:1)
  2 frilled lizards
  6 rats
33 creatures vanquished.

Notes
Turn   | Place    | Note
-------+----------+-------------------------------------------
     0 | D:1      | Gadfly the Octopode Shapeshifter began the quest for the
                  | Orb.
     0 | D:1      | Reached XP level 1. HP: 13/13 MP: 1/1
   301 | D:1      | Reached XP level 2. HP: 18/18 MP: 2/2
  1346 | D:2      | Noticed Robin
  1350 | D:2      | Reached XP level 3. HP: 12/23 MP: 3/3
  1356 | D:2      | Killed Robin
  1357 | D:2      | Reached skill level 1 in Evocations
  1468 | D:2      | Reached skill level 1 in Shields
  2040 | D:3      | Killed from afar by an orc priest

Illustrated notes

Levels and vault maps discovered:
D:1:      evilmike_arrival_grusome_pit, layout_loops_corners,
          serial_co_window_serial, co_window_corner_a, co_window_paths_a,
          co_window_paths_a, co_window_corner_a, co_window_paths_b,
          co_window_of_opportunity_c, co_window_cross_2, co_window_corner_b,
          co_window_broadway_b, co_window_broadway_c,
          co_window_of_opportunity_b, co_window_of_opportunity_c
D:2:      layout_basic, uniq_robin
D:3:      layout_loops_corners, grunt_gozag_statues

Skill      XL: |  1  2  3 |
---------------+----------+-----
Evocations     | 1 |  1.0
Shields        | 1 |  1.0
Fighting       | |  1.6
Dodging        | |  2.4
Unarmed Combat | |  3.3
Shapeshifting  | |  3.2

Action                     || total
---------------------------++-------
  Melee: Unarmed           ||    48
         Constrict         ||    15
         Tentacles         ||    10
         Punch             ||     1
         Rapier            ||     9
    Use: Scroll            ||     3
   Stab: Sleeping          ||     7
 Armour: Skin              ||    16
  Dodge: Dodged            ||    24
